AoeStats
← Sakuneti Le-Preckson

Pilgrims

508417542Analyzed
3v3 RM · 9d ago on Sep 22, 2026· 29m 39s· 6 players
Game mode
Random Map
Map size
Normal (6 player)
Population
200
Speed
Normal
Resources
Standard
Victory
Conquest
Starting age
Dark Age
Ending age
Imperial Age
RankedLock teamsTeams togetherTeam positionsShared explorationLock speedFull tech treeHidden civsTurbo modeCheats
Victory
Defeat
🇳🇿 Khmer · New Zealand
942
+15
🇦🇺 Byzantines · Australia
942
+15
🇪🇸 Britons · Spain
914
+16
🇭🇰 Bohemians · Hong Kong SAR China
935
-16
🇨🇳 Malay · China
915
-15
🇵🇭 Magyars · Philippines
906
-15
Sakuneti Le-Preckson
4:14 Loom
10:45 Feudal Age
11:22 Double-Bit Axe
16:29 Castle Age
14:25 Stone Mining
15:52 Gold Mining
16:41 Fishing Lines
18:09 Wheelbarrow
17:45 Fletching
18:19 Horse Collar
20:59 Heavy Plow
21:37 Bow Saw
21:56 Bodkin Arrow
23:11 Hand Cart
23:34 Padded Archer Armor
24:08 Town Watch
26:22 Ballistics
28:59 Imperial Age
26:46 Leather Archer Armor
27:45 Town Patrol
28:20 Murder Holes
29:35 Yeomen
30:35 Ring Archer Armor
30:08 Bracer
30:39 Ring Archer Armor
Chippindall
4:04 Loom
11:21 Feudal Age
14:20 Forging
15:13 Fishing Lines
15:47 Double-Bit Axe
20:39 Castle Age
18:36 Gold Mining
18:37 Stone Mining
18:29 Horse Collar
24:52 Pikeman
24:55 Elite Skirmisher
25:51 Greek Fire
28:08 Caravan
28:40 Fletching
28:50 Padded Archer Armor
28:52 Scale Mail Armor
29:24 Medium Warships
30:16 Wheelbarrow
ARCHI_Trent
12:23 Feudal Age
16:20 Bloodlines
19:26 Castle Age
17:35 Double-Bit Axe
19:31 Forging
19:27 Scale Barding Armor
23:36 Chain Barding Armor
24:52 Caravan
26:12 Light Cavalry
27:10 Husbandry
Journey
9:58 Loom
10:03 Loom
12:11 Feudal Age
13:59 Horse Collar
14:11 Double-Bit Axe
17:08 Castle Age
20:27 Fletching
22:19 Bow Saw
25:21 Fervor
27:20 Redemption
27:56 Pikeman
小鱼xiaoyu123
5:55 Loom
13:13 Feudal Age
14:35 Stone Mining
15:54 Wheelbarrow
15:14 Double-Bit Axe
17:05 Gold Mining
20:03 Castle Age
19:57 Fletching
23:22 Bodkin Arrow
25:55 Padded Archer Armor
26:40 Horse Collar
28:00 Ballistics
Nagazuki
14:25 Feudal Age
15:32 Double-Bit Axe
19:50 Horse Collar
23:06 Castle Age
21:07 Gold Mining
21:32 Stone Mining
Connection lost

Rejoining the realm…

Still unreachable

The connection could not be restored.

Session expired

The server has moved on; the page needs a fresh start.